 Dungeon Crawl Stone Soup version 0.17.1-3-g152610e (webtiles) character file.

221 Jerry the Skirmisher (level 5, -12/57 HPs)
             Began as an Ogre Fighter on Feb 27, 2016.
             Killed by divine providence
             ... invoked by an orc priest
              (15 damage)
             ... on level 3 of the Dungeon.
             The game lasted 00:14:24 (3944 turns).

Jerry the Skirmisher (Ogre Fighter)                 Turns: 3944, Time: 00:14:25

Health: -12/57     AC:  5    Str: 26    XL:     5   Next: 98%
Magic:  5/5        EV:  9    Int:  7    God:
Gold:   148        SH:  9    Dex: 10    Spells: 0 memorised, 4 levels left

rFire  . . .     SeeInvis .     f - +0 whip
rCold  . . .     Clarity  .     b - +0 robe
rNeg   . . .     SustAt   .     c - +0 shield
rPois  .         Gourm    .     (helmet restricted)
rElec  .         Spirit   .     n - +1 cloak
rCorr  +         Warding  .     (gloves unavailable)
rMut   .         Stasis   .     (boots unavailable)
MR     .....                    k - amulet of resist corrosion
Stlth  +.........               (no ring)
                                (no ring)

@: mighty, not resistant to hostile enchantments, very unstealthy
A: unfitting armour, tough skin 1
a: no special abilities


You were on level 3 of the Dungeon.
You were not hungry.

You visited 1 branch of the dungeon, and saw 3 of its levels.

You collected 148 gold pieces.

Inventory:

Hand Weapons
 a - a +0 flail
 f - a +0 whip (weapon)
Armour
 b - a +0 robe (worn)
 c - a +0 shield (worn)
 n - a +1 cloak (worn)
Jewellery
 k - an amulet of resist corrosion (around neck)
Wands
 h - a wand of random effects (16)
Scrolls
 e - a scroll of identify
 i - a scroll of immolation
 q - a scroll of magic mapping
Potions
 g - 2 potions of heal wounds
 j - 2 potions of curing
 m - a potion of ambrosia
 o - a potion of cure mutation {unknown}
 p - a potion of lignification {unknown}
Comestibles
 l - a chunk of flesh
 t - a meat ration


   Skills:
 + Level 5.4 Fighting
 + Level 3.9 Maces & Flails
 - Level 0.7 Armour
 + Level 3.9 Dodging
 + Level 3.6 Shields


You had 4 spell levels left.
You didn't know any spells.

Dungeon Overview and Level Annotations

Branches:
Dungeon (3/15)

Altars:
Dithmenos
Qazlal
Xom
Beogh


Innate Abilities, Weirdness & Mutations

You are too large for most types of armour.
You have tough skin (AC +1).


Message History

You bump into the rock wall.
You feel less confused. The orc priest hits you with a flail.
* * * LOW HITPOINT WARNING * * *
Something hits you.
* * * LOW HITPOINT WARNING * * *
You closely miss the orc priest. Something hits you.
* * * LOW HITPOINT WARNING * * *
You block the orc priest's attack.
You whack the orc priest!
The orc priest is moderately wounded.
Something hits you but does no damage.
You closely miss the orc priest.
The orc priest is moderately wounded.
The orc priest closely misses you. You block its attack.
You closely miss the orc priest.
The orc priest is moderately wounded.
The orc priest mumbles some strange prayers to Beogh against you.
Something smites you!
You die...

..............#.......#
..##.#.#.#.#.#..#.....#
.##............##.....#
...#.#.#.#.#.#.##.....#
##..........##.##.....#
*##.........##.##.....#
#......[...<##.##.....#
#.###..###.(.#.##o....#
..**#....###...#@{.####
.,,,#.##.........###
,**,..*##.........#*
,,<...,,#..........#*
,,,,,,...........#..#
,,,,,,...........##%#
,,,,,............#*.#***
,,,,,.>.........##*,.,,*
,,,,,,...........****#,**


You could see an orc priest.

Vanquished Creatures
  Ijyb (D:3)
  Jessica (D:3)
  Terence (D:2)
  A gnoll (D:1)
  3 adders
  2 oozes
  An adder zombie (D:3)
  2 worms (D:3)
  A giant gecko (D:1)
  7 orcs
  7 giant cockroaches
  5 goblins
  14 hobgoblins
  9 jackals (D:1)
  10 kobolds
  3 bats
  3 giant newts
  4 rats
75 creatures vanquished.

Notes
Turn   | Place    | Note
--------------------------------------------------------------
     0 | D:1      | Jerry the Ogre Fighter began the quest for the Orb.
     0 | D:1      | Reached XP level 1. HP: 24/24 MP: 1/1
    18 | D:1      | Reached XP level 2. HP: 28/32 MP: 2/2
   317 | D:1      | Reached XP level 3. HP: 18/40 MP: 3/3
  1376 | D:1      | Found a roughly hewn altar of Beogh.
  1376 | D:1      | Noticed an orc warrior
  1829 | D:2      | Reached XP level 4. HP: 40/49 MP: 4/4
  2951 | D:2      | Noticed Terence
  2980 | D:2      | Killed Terence
  2980 | D:2      | Reached skill level 5 in Fighting
  2980 | D:2      | Reached XP level 5. HP: 12/57 MP: 5/5
  3271 | D:2      | Found a stormy altar of Qazlal.
  3476 | D:3      | Noticed Ijyb
  3503 | D:3      | Killed Ijyb
  3708 | D:3      | Noticed Jessica
  3719 | D:3      | Killed Jessica
  3730 | D:3      | Found a shimmering altar of Xom.
  3787 | D:3      | Found a shadowy altar of Dithmenos.
  3821 | D:3      | Found a faded altar to an unknown god.
  3944 | D:3      | Killed from afar by an orc priest

Action                   |  1- 3 |  4- 6 || total
-------------------------+-------+-------++-------
Melee: Flail             |     6 |       ||     6
       Whip              |   214 |   270 ||   484
  Use: Scroll            |       |     8 ||     8
       Potion            |       |     2 ||     2
 Stab: Sleeping          |     1 |     1 ||     2
  Eat: Chunk             |     3 |     3 ||     6
       Bread ration      |       |     1 ||     1
